 Dungeon Crawl Stone Soup version 0.32-a0-612-g1c984fe9d1 (webtiles) character file.

Game seed: 13935597456685958332

41 javelincjr the Grasshopper (level 3, -4/28 HPs)
             Began as a Demonspawn Warper on Mar 4, 2024.
             Slain by a gnoll
             ... wielding a +0 whip
              (6 damage)
             ... on level 2 of the Dungeon.
             The game lasted 00:03:17 (847 turns).

javelincjr the Grasshopper (Demonspawn Warper)       Turns: 847, Time: 00:03:18

Health: -4/28      AC:  3    Str: 13    XL:     3   Next: 32%
Magic:  6/6        EV: 11    Int: 13    God:
Gold:   48         SH:  0    Dex: 12    Spells: 6/6 levels left

rFire   . . .        (no weapon)
rCold   . . .        (no shield)
rNeg    . . .        b - +0 leather armour
rPois   .            (no helmet)
rElec   .            (no cloak)
rCorr   .            (no gloves)
SInv    .            (no boots)
Will    .....        (no amulet)
Stlth   +            (no ring)
HPRegen 0.24/turn    (no ring)
MPRegen 0.10/turn

%: no passive effects
@: no status effects
A: claws 2
a: no special abilities


You were on level 2 of the Dungeon.
You visited 1 branch of the dungeon, and saw 2 of its levels.

You collected 48 gold pieces.

Inventory:

Hand Weapons
 a - a +0 spear
 m - a +0 sling
Missiles
 d - 7 darts of dispersal (quivered)
Armour
 b - a +0 leather armour (worn)
Talismans
 i - a storm talisman
Scrolls
 c - a scroll of blinking
 e - 2 scrolls of acquirement {unknown}
 k - a scroll of immolation {unknown}
 l - a scroll of enchant weapon {unknown}
 n - 2 scrolls of identify {unknown}
Potions
 f - a potion of degeneration {unknown}
 g - a potion of resistance {unknown}
 h - 3 potions of curing {unknown}
 j - a potion of might {unknown}


   Skills:
 + Level 2.4 Fighting
 - Level 2.1 Polearms
 - Level 0.8 Throwing
 + Level 1.3 Armour
 + Level 2.1 Dodging
 + Level 0.0 Unarmed Combat
 + Level 2.3 Spellcasting
 + Level 2.9 Translocations
 * Level 0.1 Shapeshifting


You had 6 spell levels left.
You didn't know any spells.
Your spell library contained the following spells:

 Spells                   Type           Power      Damage    Failure   Level
 Blink                    Tloc           18%        N/A       14%         2
 Lesser Beckoning         Tloc           18%        N/A       14%         2
 Teleport Other           Tloc           9%         N/A       28%         3
 Manifold Assault         Tloc           9%         N/A       67%         4
 Vhi's Electric Charge    Tloc/Air       10%        N/A       86%         4


Dungeon Overview and Level Annotations

Branches:
Dungeon (2/15)

Altars:

Shops:
D:1 [   D:2 :


Innate Abilities, Weirdness & Mutations

You have very sharp fingernails.


Message History

No target in view!
No target in view!
No target in view!
A ball python comes into view.
The ball python hisses angrily.
You barely miss the ball python. The ball python closely misses you.
The ball python grabs you. The ball python constricts you.
You closely miss the ball python.
The ball python bites you but does no damage.
The ball python constricts you.
You scratch the ball python.
You kill the ball python!
No target in view!
A gnoll comes into view.
It is wielding a +0 spear. 2 gnolls come into view.
A gnoll is wielding a +4 whip of freezing.
The gnoll shouts! x3; You hear a loud squeak. x2
An adder comes into view.
The adder moves out of view.
The gnoll hits you with a +0 whip.
You scratch the gnoll but do no damage. The gnoll barely misses you.
The gnoll closely misses you.
You barely miss the gnoll.
The gnoll hits you from afar with a +0 spear.
The gnoll hits you with a +0 whip.
You are too injured to fight recklessly!
You completely miss the gnoll.
The gnoll hits you from afar with a +0 spear!
* * * LOW HITPOINT WARNING * * *
The gnoll barely misses you.
You scratch the gnoll but do no damage.
The gnoll hits you from afar with a +0 spear.
* * * LOW HITPOINT WARNING * * *
The gnoll closely misses you.
You barely miss the gnoll. The gnoll barely misses you.
The gnoll closely misses you.
You scratch the gnoll.
The gnoll is moderately wounded.
The gnoll closely misses you. The gnoll hits you with a +0 whip.
You die...

.......######.. ..
.######.....# .# #.
.######.....# .. ..
.....##.....# #. .#
.....##.....# #.#.#
............###...
.........)..+.##.# .
............#.##.# ..
.......#......##@# ...
......##......##g# ######....
...##.##......##g# #...gg....
...##.##......##g#+#.........
#####+##..†..................
........#............###.
.................###?#
....#..#####.#+#†# .. ....#..
...# #.# ...


You could see 3 gnolls.

Vanquished Creatures
  4 dart slugs (D:1)
  2 bats (D:1)
  3 endoplasms
  3 giant cockroaches
  3 goblins
  4 hobgoblins
  4 kobolds (D:1)
  5 ball pythons
  A frilled lizard (D:1)
  A rat (D:1)
30 creatures vanquished.

Notes
Turn   | Place    | Note
-------+----------+-------------------------------------------
     0 | D:1      | javelincjr the Demonspawn Warper began the quest for the
                  | Orb.
     0 | D:1      | Reached XP level 1. HP: 16/16 MP: 3/3
    45 | D:1      | Reached skill level 1 in Armour
   119 | D:1      | Gained mutation: You have sharp fingernails. [demonic
                  | ancestry]
   119 | D:1      | Reached XP level 2. HP: 16/22 MP: 5/5
   319 | D:1      | Found Akexaq's Armour Emporium.
   490 | D:1      | Gained mutation: You have very sharp fingernails. [demonic
                  | ancestry]
   490 | D:1      | Reached XP level 3. HP: 23/28 MP: 6/6
   644 | D:2      | Found Iwakh's Book Emporium.
   847 | D:2      | Slain by a gnoll

Illustrated notes

Levels and vault maps discovered:
D:1:      minmay_arrival_doors, layout_rooms, serial_shops,
          nicolae_shop_rolling_square
D:2:      minmay_general_purpose_star, layout_basic, serial_shops, shop,
          minmay_misc_feat_rugged, serial_bayou_pond_b

Skill      XL: |  1  2 |
---------------+-------+-----
Armour         | 1 |  1.3
Dodging        | 2 |  2.1
Polearms       | 2 |  2.1
Fighting       | |  2.4
Throwing       | |  0.8
Spellcasting   | |  2.3
Translocations | |  2.9
Shapeshifting  | |  0.1

Action                     || total
---------------------------++-------
  Melee: Spear             ||    80
         Unarmed           ||    31
   Stab: Sleeping          ||     1
 Armour: Leather armour    ||    51
  Dodge: Dodged            ||    53

Table legend: (Time is in decaauts)
 A = Elapsed time spent in this place.
 B = Non-inter-level travel time spent in this place.
 C = Inter-level travel time spent in this place.
 D = Time resting spent in this place.
 E = Time spent auto-exploring this place.
 F = Levels seen in this place.
 G = Mean time per level.
                   A        B        C        D        E       F      G
               +--------+--------+--------+--------+--------+-----+--------+
         Total |    846 |    846 |      0 |      0 |    591 |   2 |  423.0 |
       Dungeon |    846 |    846 |      0 |      0 |    591 |   2 |  423.0 |
               +--------+--------+--------+--------+--------+-----+--------+

Top non-repeatable levels by time:
     D:1: 641 daAuts
     D:2: 204 daAuts
